 Dungeon Crawl Stone Soup version 0.21-a0-278-ga722497 (webtiles) character file.

906 4thArraOfDagon the Poker (level 8, -11/60 HPs)
             Began as a Human Wanderer on Sept 20, 2017.
             Was a Believer of Qazlal.
             Mangled by an ogre
             ... wielding a +0 giant club
              (22 damage)
             ... on level 4 of the Dungeon.
             The game lasted 00:10:50 (3468 turns).

4thArraOfDagon the Poker (Human Wanderer)           Turns: 3468, Time: 00:10:51

Health: -11/60     AC: 11    Str: 11    XL:     8   Next: 29%
Magic:  10/10      EV:  6    Int: 16    God:    Qazlal [**....]
Gold:   128        SH:  2    Dex: 13    Spells: 7/7 levels left

rFire    . . .     SeeInvis .   a - +3 spear
rCold    . . .     Gourm    +   (no shield)
rNeg     . . .     Faith    .   l - +0 chain mail
rPois    +         Spirit   .   p - +0 helmet
rElec    .         Reflect  .   (no cloak)
rCorr    .         Harm     .   i - +0 pair of gloves
MR       .....                  (no boots)
Stlth    ..........             e - amulet of the gourmand
HPRegen  0.20/turn              r - ring of poison resistance
MPRegen  0.12/turn              (no ring)

@: no status effects
A: no striking features
a: Upheaval, Renounce Religion


You were on level 4 of the Dungeon.
You worshipped Qazlal.
Qazlal was pleased with you.
You were not hungry.

You visited 2 branches of the dungeon, and saw 7 of its levels.
You also visited: Ossuary.

You collected 128 gold pieces.

Inventory:

Hand Weapons
 a - a +3 spear (weapon)
 n - a +1 morningstar of holy wrath
Armour
 h - a +0 helmet
 i - a +0 pair of gloves (worn)
 l - a +0 chain mail (worn)
 p - a +0 helmet (worn)
Magical Staves
 s - an uncursed staff of earth
Jewellery
 e - an amulet of the gourmand (around neck)
 r - a ring of poison resistance (left hand)
Scrolls
 d - 5 scrolls of teleportation
 m - a scroll of brand weapon {unknown}
 t - a scroll of immolation {unknown}
 v - a scroll of remove curse {unknown}
Potions
 b - a potion of lignification
 c - 3 potions of mutation {unknown}
 g - 2 potions of curing
 j - 2 potions of cancellation {unknown}
 k - a potion of agility
 q - 2 potions of ambrosia
 u - a potion of flight {unknown}
Comestibles
 f - 2 bread rations


   Skills:
 + Level 3.8 Fighting
 * Level 6.9 Polearms
 + Level 3.3 Armour
 + Level 3.3 Dodging
 - Level 3.0 Stealth
 + Level 3.5 Invocations


You had 7 spell levels left.
You didn't know any spells.

Dungeon Overview and Level Annotations

Branches:
Dungeon (6/15)             Temple (1/1) D:4

Altars:
Ashenzari
Cheibriados
Dithmenos
Elyvilon
Hepliaklqana
Kikubaaqudgha
Makhleb
Okawaru
Qazlal
Ru
Sif Muna
Trog
Uskayaw
Vehumet
Wu Jian
Xom
Yredelemnul
The Shining One

Annotations:
D:2 Natasha
D:4 Duvessa


Message History

Unknown command.
You climb upwards.
The gnoll shouts! x3
The gnoll barely misses you.
There is a stone staircase leading down here.
Unknown command.
Unknown command.
The gnoll barely misses you.
Unknown command.
The gnoll hits you but does no damage.
The gnoll hits you from afar with a spear.
* * * LOW HITPOINT WARNING * * *
There is a stone staircase leading up here.
Unknown command.
Unknown command.
The gnoll hits you but does no damage. x2
You climb upwards.
Level annotation: Duvessa The ogre hits you with a giant club!!
You die...

# #.. #### #..# #...
... #.## ... #.#
###.#### #.#
......############.#
#.#.......#.......#
#..@.รท.##.#.#######
###O.#.##.#.#
#.###..#......#
#......####.###
#####.(..O..#
#########


You could see an ogre.

Vanquished Creatures
  A phantom (D:6)
  2 ogres
  A centaur (D:6)
  3 water moccasin zombies (Ossuary)
  A howler monkey (D:6)
  An orc priest (D:3)
  A hound (D:6)
  An orc wizard (D:4)
  A bullfrog skeleton (D:6)
  Terence (D:2)
  A big kobold zombie (Ossuary)
  A hound skeleton (D:2)
  Robin (D:3)
  2 mummies (Ossuary)
  A howler monkey skeleton (D:5)
  2 adders
  4 oozes
  9 adder zombies (Ossuary)
  A leopard gecko (D:1)
  9 orcs
  2 giant cockroaches
  3 gnoll zombies (Ossuary)
  11 goblins
  5 hobgoblins
  3 quokkas
  2 bats
  2 frilled lizards
  5 hobgoblin zombies (Ossuary)
  2 kobolds
  3 kobold zombies (Ossuary)
  3 orc zombies (Ossuary)
  A quokka zombie (D:6)
  5 rats
91 creatures vanquished.

Vanquished Creatures (others)
  7 toadstools (D:2)
7 creatures vanquished.

Grand Total: 98 creatures vanquished

Notes
Turn   | Place    | Note
-------+----------+-------------------------------------------
     0 | D:1      | 4thArraOfDagon the Human Wanderer began the quest for the Orb.
     0 | D:1      | 4thArraOfDagon set off with: a +2 spear, 2 potions of lignification, a +0 robe, a +0 dagger, a bread ration
     0 | D:1      | Reached XP level 1. HP: 16/16 MP: 1/1
    76 | D:1      | 4thArraOfDagon: kurde, nic nie idzie :)
   187 | D:1      | Reached XP level 2. HP: 7/22 MP: 2/2
   453 | D:4      | Noticed an ogre
   469 | D:4      | Found a staircase to the Ecumenical Temple.
   475 | Temple   | Entered the Ecumenical Temple
   578 | Temple   | Became a worshipper of Qazlal Stormbringer
   995 | D:2      | Found an iron altar of Okawaru.
  1008 | D:2      | Reached XP level 3. HP: 15/27 MP: 3/3
  1127 | D:2      | Found a glowing golden altar of the Shining One.
  1204 | D:2      | Noticed Terence
  1228 | D:2      | Killed Terence
  1228 | D:2      | Reached skill level 5 in Polearms
  1228 | D:2      | Reached skill level 1 in Armour
  1228 | D:2      | Reached XP level 4. HP: 21/33 MP: 4/4
  1463 | D:2      | Noticed Natasha
  1470 | D:2      | Reached skill level 1 in Invocations
  1589 | D:3      | Found a sacrificial altar of Ru.
  1625 | D:3      | Reached XP level 5. HP: 28/39 MP: 5/5
  1798 | D:3      | Noticed Robin
  1839 | D:3      | Killed Robin
  1842 | D:3      | Reached * piety under Qazlal
  2234 | D:4      | Noticed Duvessa
  2423 | D:4      | Killed an ogre
  2423 | D:4      | Reached XP level 6. HP: 23/46 MP: 7/7
  2559 | D:4      | Noticed an ogre
  2619 | D:5      | Entered Level 5 of the Dungeon
  2630 | D:5      | Thaneod: nob jestes i tyle:P
  2875 | D:6      | Found a radiant altar of Vehumet.
  2891 | D:6      | Reached skill level 6 in Polearms
  2891 | D:6      | Reached XP level 7. HP: 41/52 MP: 8/8
  2910 | D:6      | Found a sand-covered staircase.
  2917 | Ossuary  | Entered an ossuary
  3019 | Ossuary  | 4thArraOfDagon: czara na statika i chuj xd
  3205 | Ossuary  | Reached ** piety under Qazlal
  3333 | D:6      | Reached XP level 8. HP: 60/60 MP: 10/10
  3468 | D:4      | Mangled by an ogre

Vault maps used:
D:1:      tarquinn_simple_flora_water_f, minmay_tree_intersection,
          minmay_misc_feat_columns
D:2:      cheibrodos_fertilizer, okawaru_metal_pillars_1_2,
          minmay_crystal_water, tso_metal_star, uniq_terence, uniq_natasha
D:3:      lemuel_doored_altar, uniq_robin
D:4:      temple_green, first_bread, uniq_crazy_yiuf_cottage, uniq_duvessa
D:5:      serial_shops, nicolae_shop_stone, nicolae_ru_the_path_less_chosen
D:6:      enter_ossuary_1, basic_altar
Temple:   eino_temple_rhombus
Ossuary:  ossuary_tomb_2

Skill      XL: |  1  2  3  4  5  6  7 |
---------------+----------------------+-----
Polearms       | 5 6 |  6.9
Armour         | 1 2 3 |  3.3
Invocations    | 1 2 3 |  3.5
Dodging        | 2 3 |  3.3
Fighting       | 3 |  3.8
Stealth        | |  3.0

Action                   |  1- 3 |  4- 6 |  7- 9 || total
-------------------------+-------+-------+-------++-------
Melee: Spear             |    70 |   161 |    95 ||   326
       Morningstar       |       |     5 |    73 ||    78
Invok: Upheaval          |       |       |     2 ||     2
  Use: Scroll            |     1 |     6 |     1 ||     8
       Potion            |       |     5 |       ||     5
 Stab: Sleeping          |     2 |       |       ||     2
  Eat: Chunk             |     2 |     7 |       ||     9
       Royal jelly       |       |       |     1 ||     1
Armor: Robe              |    10 |       |       ||    10
       Chain mail        |     7 |    57 |    78 ||   142
       Skin              |       |     3 |       ||     3
Dodge: Dodged            |    21 |    23 |    41 ||    85
Block: Other             |       |     1 |    11 ||    12

Table legend:
 A = Spawn XP
 B = Non-spawn XP
 C = Spawn XP percentage of total XP
 D = Spawn monster count
 E = Non-spawn monster count
 F = Spawn count percentage of total count
 G = Total turns spent on level
                    A         B        C        D         E        F      G
               +---------+---------+-------+---------+---------+-------+---------
         Total |       0 |    1295 |   0.0 |       0 |      91 |   0.0 |  3468
               +---------+---------+-------+---------+---------+-------+---------
           D:1 |       0 |      22 |   0.0 |       0 |       7 |   0.0 |   809
           D:2 |       0 |      67 |   0.0 |       0 |       9 |   0.0 |   535
           D:3 |       0 |     122 |   0.0 |       0 |      30 |   0.0 |   762
           D:4 |       0 |     178 |   0.0 |       0 |       6 |   0.0 |   385
           D:5 |       0 |      14 |   0.0 |       0 |       1 |   0.0 |    58
           D:6 |       0 |     518 |   0.0 |       0 |       9 |   0.0 |   358
       Ossuary |       0 |     374 |   0.0 |       0 |      29 |   0.0 |   355
               +---------+---------+-------+---------+---------+-------+---------
